 Dungeon Crawl Stone Soup version 0.31.0-7-gf635a9b802 (webtiles) character file.

Game seed: 3535091775023080936

66 stipulation the Ruffian (level 4, -7/38 HPs)
             Began as a Ghoul Monk on Jan 24, 2024.
             Mangled by Crazy Yiuf
             ... wielding a +4 quarterstaff of chaos
              (15 damage)
             ... on level 2 of the Dungeon.
             The game lasted 00:00:46 (1446 turns).

stipulation the Ruffian (Ghoul Monk)                Turns: 1446, Time: 00:00:47

Health: -7/38      AC:  2    Str: 16    XL:     4   Next: 15%
Magic:  4/4        EV: 12    Int:  9    God:
Gold:   136        SH:  0    Dex: 11    Spells: 3/3 levels left

rFire   . .          .
                       - Unarmed
rCold   + . .        c - orb {light}
rNeg    + + +        a - +0 robe
rPois   ∞            (no helmet)
rElec   .            (no cloak)
rCorr   .            (no gloves)
SInv    .            (no boots)
Will    .....        p - amulet of the acrobat
Stlth   +            (no ring)
HPRegen 0.00/turn    (no ring)
MPRegen 0.09/turn

%: acrobat
@: fragile (+50% incoming damage), inhibited regen, glowing
A: claws 1, cold resistance 1, negative energy resistance 3, inhibited
regeneration, torment resistance 2, devour on kill
a: no special abilities


You were on level 2 of the Dungeon.
You visited 1 branch of the dungeon, and saw 2 of its levels.

You collected 136 gold pieces.

Inventory:

Armour
 a - a +0 robe (worn)
 c - an orb of light (worn)
Jewellery
 p - an amulet of the acrobat (around neck)
 q - a +6 ring of dexterity
Scrolls
 d - a scroll of fog {unknown}
 f - a scroll of fear {unknown}
 g - a scroll of brand weapon {unknown}
 h - a scroll of blinking {unknown}
 i - a scroll of poison {unknown}
 j - a scroll of identify {unknown}
 l - a scroll of enchant weapon {unknown}
 n - a scroll of butterflies {unknown}
 o - a scroll of amnesia {unknown}
Potions
 b - a potion of ambrosia
 e - a potion of brilliance {unknown}
 k - a potion of lignification {unknown}
 m - 2 potions of curing {unknown}


   Skills:
 - Level 3.2 Fighting
 - Level 2.6 Dodging
 + Level 5.4 Unarmed Combat


You had 3 spell levels left.
You didn't know any spells.
Your spell library contained the following spells:

 Spells                   Type           Power      Damage    Failure   Level
 Necrotise                Necr           0%         1d4       38%         1
 Vampiric Draining        Necr           0%         2d6       77%         3
 Martyr's Knell           Necr/Summ      0%         N/A       99%         4
 Curse of Agony           Necr           0%         N/A       100%        5


Dungeon Overview and Level Annotations

Branches:
Dungeon (2/15)

Altars:

Annotations:
D:2 Crazy Yiuf


Innate Abilities, Weirdness & Mutations

You are immune to poison.
You have sharp fingernails.
Your flesh is cold resistant. (rC+)
You are immune to negative energy. (rN+++)
You do not regenerate when monsters are visible.
You are immune to unholy pain and torment.
You thrive by killing the living.


Message History

m - 2 murky yellow potions (gained 1)
You start putting on your amulet.
You continue putting on your amulet of the acrobat. x5
You finish putting on your amulet of the acrobat.
You feel ready to tumble and roll out of harm's way.
p - an amulet of the acrobat (around neck)
There is an open door here.
Could not explore, unopened runed door.
No reachable target in view!
No reachable target in view!
No reachable target in view!
No reachable target in view!
No reachable target in view!
No reachable target in view!
No reachable target in view!
No reachable target in view!
No reachable target in view!
No reachable target in view!
No reachable target in view!
You open the door. Crazy Yiuf completely misses you.
There is an open translucent door here.
You scratch Crazy Yiuf but do no damage.
Crazy Yiuf hits you with a +4 quarterstaff of chaos!
Your body becomes as fragile as glass!
You claw Crazy Yiuf!
Crazy Yiuf is moderately wounded.
Crazy Yiuf whimpers, "Pitchfork shoe tired!"
Crazy Yiuf closely misses you.
You scratch Crazy Yiuf.
Crazy Yiuf is heavily wounded.
Crazy Yiuf screams, "Walk!
Tosser mumblescurry dark."
Crazy Yiuf hits you with a +4 quarterstaff of chaos!
* * * LOW HITPOINT WARNING * * *
Crazy Yiuf freezes you.
* * * LOW HITPOINT WARNING * * *
You barely miss Crazy Yiuf.
Crazy Yiuf is heavily wounded.
Crazy Yiuf hits you with a +4 quarterstaff of chaos!
You die...

#.#.#.### #.##.#
#.#
..#.#...###.##.#
#.#
....#.#.#..#####
#.# ....#......#
#.# ....#.#+#+##
##### ###
...........#
#..)#
..###......#
#...#
..###......#
#.g.#
...........# #@#
...........#
♣♣.♣
......###..#
♣.♣♣ ......#
#.## ♣♣.♣
......###.# ♣.♣♣
+####.....#
♣♣.♣♣
..........#
♣..P♣♣
....#.....##
♣.PPP♣
....#......#
#....#


You could see Crazy Yiuf.

Vanquished Creatures
  3 adders (D:2)
  A dart slug (D:1)
  2 ball pythons
  2 endoplasms
  A giant cockroach (D:1)
  A goblin (D:2)
  8 hobgoblins
  2 quokkas
  5 bats
  4 frilled lizards
  6 kobolds
  3 rats
38 creatures vanquished.

Notes
Turn   | Place    | Note
-------+----------+-------------------------------------------
     0 | D:1      | stipulation the Ghoul Monk began the quest for the Orb.
     0 | D:1      | Reached XP level 1. HP: 19/19 MP: 1/1
   110 | D:1      | Reached XP level 2. HP: 16/26 MP: 2/2
   157 | D:1      | Reached skill level 4 in Unarmed Combat
   500 | D:1      | Reached XP level 3. HP: 31/31 MP: 3/3
   810 | D:2      | Reached skill level 5 in Unarmed Combat
   878 | D:2      | Found a runed translucent door.
   879 | D:2      | Noticed Crazy Yiuf
   989 | D:2      | Reached XP level 4. HP: 37/38 MP: 4/4
  1446 | D:2      | Mangled by Crazy Yiuf

Illustrated notes

Levels and vault maps discovered:
D:1:      dpeg_arrival_rooms_c, layout_rooms, grunt_decor_arrowhead
D:2:      layout_basic, minmay_diced_spiral, uniq_crazy_yiuf_cottage

Skill      XL: |  1  2  3 |
---------------+----------+-----
Unarmed Combat | 4 5 |  5.4
Fighting       | |  3.2
Dodging        | |  2.6

Action                     |  1- 3 |  4- 6 || total
---------------------------+-------+-------++-------
  Melee: Unarmed           |    92 |     9 ||   101
 Armour: Robe              |    61 |     8 ||    69
  Dodge: Dodged            |    62 |     3 ||    65
